 Dungeon Crawl Stone Soup version 0.17-b1-18-g553e9fc (webtiles) character file.

1526 Kloppie the Fighter (level 8, -3/75 HPs)
             Began as a Minotaur Berserker on Nov 4, 2015.
             Was a High Priest of Trog.
             Slain by a wyvern (11 damage)
             ... on level 4 of the Dungeon.
             The game lasted 00:08:53 (4812 turns).

Kloppie the Fighter (Minotaur Berserker)            Turns: 4812, Time: 00:08:53

Health: -3/75      AC: 13    Str: 23    XL:     8   Next: 55%
Magic:  7/7        EV:  8    Int:  4    God:    Trog [*****.]
Gold:   297        SH:  0    Dex: 13    Spells: 0 memorised, 7 levels left

rFire  . . .     SeeInvis .     e - +0 war axe
rCold  . . .     Clarity  .     f - +0 plate armour
rNeg   . . .     SustAt   .     (no shield)
rPois  .         Gourm    .     (helmet restricted)
rElec  .         Spirit   .     (no cloak)
rCorr  .         Warding  .     (no gloves)
rMut   .         Stasis   .     (no boots)
MR     .....                    (no amulet)
Stlth  ..........               (no ring)
                                (no ring)

@: not resistant to hostile enchantments, extremely unstealthy
A: retaliatory headbutt, horns 2, agile 1
a: Berserk, Trog's Hand, Brothers in Arms, Burn Spellbooks, Renounce Religion


You were on level 4 of the Dungeon.
You worshipped Trog.
Trog was extremely pleased with you.
You were not hungry.

You visited 1 branch of the dungeon, and saw 6 of its levels.

You collected 297 gold pieces.

Inventory:

Hand Weapons
 a - a +0 hand axe
 e - a +0 war axe (weapon)
Armour
 f - a +0 plate armour (worn)
Scrolls
 d - 9 scrolls of identify
 h - 2 scrolls of magic mapping
 k - 4 scrolls of remove curse
Potions
 b - 2 potions of brilliance
 g - a potion of invisibility
 i - a potion of agility
Comestibles
 c - 2 bread rations
 j - a beef jerky
 l - 2 meat rations
 m - 4 fruits
 n - 2 chunks of flesh


   Skills:
 + Level 8.4 Fighting
 + Level 8.2 Axes
 + Level 7.7 Armour
 - Level 2.1 Dodging


You had 7 spell levels left.
You didn't know any spells.

Dungeon Overview and Level Annotations

Branches:
Dungeon (6/15)
 Temple: D:4-7

Altars:
Nemelex Xobeh
Okawaru

Shops:
D:5 %


Innate Abilities, Weirdness & Mutations

You reflexively headbutt those who attack you in melee.
You have a pair of horns on your head.
You are agile. (Dex +2)


Message History

The wyvern bites you but does no damage.
You closely miss the wyvern.
The wyvern is heavily wounded.
The wyvern bites you but does no damage.
The wyvern bites you!
* * * LOW HITPOINT WARNING * * *
Your plate armour prevents you from hitting the wyvern.
Your headbutt misses the wyvern.
The wyvern is heavily wounded.
The wyvern closely misses you.
Your plate armour prevents you from hitting the wyvern.
You headbutt the wyvern.
The wyvern is severely wounded.
The wyvern bites you but does no damage. x2
You closely miss the wyvern. You headbutt the wyvern.
The wyvern is severely wounded.
The wyvern bites you!
* * * LOW HITPOINT WARNING * * *
The wyvern bites you!
You die...

####.####### *,*
#..........# *,***
##.#.#####.# *,,,,
*,#.#####.# *****
*,#.....#.# *,#####.#.#
*,* #.#.#############
#.#####.#.##...........
#....l@.#.##.#########.
#########.##.# #.
#....# #. ###### #. ##.
#.. ##. #. ##


You could see a wyvern.

Vanquished Creatures
  Prince Ribbit (D:6)
  Sigmund (D:6)
  2 phantoms
  2 gnoll sergeants
  A hound (D:5)
  2 orc priests (D:5)
  2 crimson imps (D:5)
  A giant frog skeleton (D:4)
  3 gnoll shamans (D:4)
  An iguana (D:6)
  2 worker ants
  41 gnolls
  3 adders
  An adder zombie (D:6)
  2 worms
  3 giant geckos
  5 orcs
  A ball python (D:4)
  5 bats
  8 giant cockroaches
  10 goblins
  9 hobgoblins
  22 jackals
  4 kobolds
  3 quokkas
  3 giant newts
  5 rats
143 creatures vanquished.

Notes
Turn   | Place    | Note
--------------------------------------------------------------
     0 | D:1      | Kloppie the Minotaur Berserker began the quest for the Orb.
     0 | D:1      | Reached XP level 1. HP: 19/19 MP: 0/0
   273 | D:1      | Reached skill level 4 in Axes
   273 | D:1      | Reached XP level 2. HP: 18/27 MP: 1/1
   668 | D:1      | Reached ** piety under Trog
   741 | D:2      | Reached XP level 3. HP: 23/34 MP: 2/2
  1111 | D:2      | Gained mutation: You are agile. (Dex +2) [potion of beneficial mutation]
  1641 | D:3      | Found a sparkling altar of Nemelex Xobeh.
  1687 | D:3      | Reached XP level 4. HP: 41/41 MP: 3/3
  1748 | D:3      | You fall through a shaft for 3 floors!
  1749 | D:6      | Noticed Prince Ribbit
  1884 | D:6      | Killed Prince Ribbit
  1884 | D:6      | Reached skill level 5 in Fighting
  1884 | D:6      | Reached skill level 5 in Axes
  1884 | D:6      | Reached XP level 5. HP: 37/50 MP: 4/4
  1884 | D:6      | Reached XP level 6. HP: 42/57 MP: 5/5
  1926 | D:6      | Reached skill level 5 in Armour
  2050 | D:6      | Noticed a phantom
  2075 | D:6      | Killed a phantom
  2102 | D:6      | Noticed Sigmund
  2135 | D:6      | Killed Sigmund
  2135 | D:6      | Reached skill level 6 in Fighting
  2135 | D:6      | Reached XP level 7. HP: 35/64 MP: 6/6
  2289 | D:5      | Entered Level 5 of the Dungeon
  2301 | D:5      | Reached *** piety under Trog
  2807 | D:5      | Reached skill level 7 in Fighting
  2881 | D:5      | Found Qougu's Food Shop.
  3592 | D:3      | Reached XP level 8. HP: 73/73 MP: 7/7
  3749 | D:3      | Found an iron altar of Okawaru.
  3761 | D:3      | Reached **** piety under Trog
  3763 | D:3      | Found a faded altar to an unknown god.
  4312 | D:4      | Reached skill level 8 in Fighting
  4678 | D:4      | Reached ***** piety under Trog
  4798 | D:4      | Noticed a wyvern
  4812 | D:4      | Slain by a wyvern

Action                   |  1- 3 |  4- 6 |  7- 9 || total
-------------------------+-------+-------+-------++-------
Melee: Hand axe          |   108 |    53 |   116 ||   277
       War axe           |       |       |   153 ||   153
Invok: Berserk           |       |     1 |     2 ||     3
       Trog's Hand       |       |       |     1 ||     1
  Use: Potion            |     4 |       |       ||     4
       Scroll            |       |       |     6 ||     6
  Eat: Chunk             |     2 |     2 |    12 ||    16
